Canadiens vs Flames
Created - February 12, 2018 at 19:14
Goals
|
| Canadiens |
0 |
1 |
1 |
2 |
| Flames |
0 |
3 |
3 |
6 |
|
Shots
|
| Canadiens |
9 |
12 |
9 |
30 |
| Flames |
5 |
19 |
11 |
35 |
|
1st period
No Goal
Penalties :
Sidney Crosby (Mon) for Interference (Minor) at 8:25, Alexander Semin (Cal) for Holding (Minor) at 12:39
2nd period
1. Canadiens , Brett Maclean 9 (Dustin Boyd 14, Evgeny Dadonov 11) at 7:38
2. Flames , David Backes 29 (Eric Staal 46) at 10:02 (PP)
3. Flames , Patrik Berglund 18 (Steve Regier 19) at 13:27 (PP)
4. Flames , Michel Ouellet 8 (Brendan Mikkelson 8, Derek Meech 15) at 16:41
Penalties :
Eric Staal (Cal) for Tripping (Minor) at 0:43, Joe Pavelski (Mon) for Hooking (Minor) at 4:01, Evgeny Dadonov (Mon) for Hooking (Minor) at 10:00, Evgeny Dadonov (Mon) for Cross-checking (Minor) at 12:39
3rd period
5. Flames , Steve Regier 17 (Erik Johnson 30, Michel Ouellet 6) at 0:48
6. Canadiens , Brett Maclean 10 (Dustin Boyd 15, Jonathan Bernier) at 4:50
7. Flames , Derek Meech 6 (Eric Staal 47) at 10:45 (PP)
8. Flames , Brendan Mikkelson 2 (Mikhail Grabovski 5, Brad Marchand 10) at 16:02 (SH)
Penalties :
Ladislav Nagy (Mon) for Hooking (Minor) at 10:21, Steve Eminger (Cal) for Holding (Minor) at 15:47
Goalie Stats
Jonathan Bernier (Mon), 29 saves from 35 shots - (0.829), L, 23-18-2, 60:00 minutes
Pekka Rinne (Cal), 28 saves from 30 shots - (0.933), W, 18-16-5, 60:00 minutes
Players Stats for Canadiens
Player Name G A P +/- PIM S H SB GA TA FO MP PP MP PK MP
------------------------------------------------------------------------------------
Adam Pardy 0 0 0 0 0 0 0 1 0 0 0/0 11:32 0:00 0:14
Andrew Ebbett 0 0 0 1 0 0 0 0 0 0 0/2 9:06 0:00 1:10
Brett Maclean 2 0 2 0 0 3 1 1 0 0 1/1 12:06 0:00 1:31
David Jones 0 0 0 -1 0 1 1 1 0 1 0/1 16:26 3:09 0:00
Dennis Wideman 0 0 0 0 0 2 0 5 1 0 0/0 28:27 4:30 2:43
Dustin Boyd 0 2 2 0 0 0 0 1 0 0 1/1 11:13 0:31 0:00
Evgeny Dadonov 0 1 1 0 4 4 2 0 0 0 0/0 11:21 0:41 0:00
Greg Stewart 0 0 0 -1 0 2 2 2 0 0 1/2 17:32 3:09 1:06
Jason Spezza 0 0 0 -1 0 1 2 1 1 0 5/14 19:29 3:09 3:02
Jiri Tlusty 0 0 0 1 0 0 2 0 0 0 0/0 8:18 0:22 0:00
Joe Pavelski 0 0 0 -1 2 2 0 0 0 1 0/0 19:30 2:07 0:28
Ladislav Nagy 0 0 0 1 2 0 3 0 1 0 0/0 8:14 0:19 0:00
Luke Schenn 0 0 0 0 0 3 3 1 0 2 0/0 28:41 4:30 2:57
Maxim Kondratiev 0 0 0 0 0 0 0 0 0 0 0/0 11:18 0:00 0:00
Patrick Sharp 0 0 0 -1 0 5 2 0 0 0 1/1 20:06 2:07 1:04
Sidney Crosby 0 0 0 -1 2 4 2 0 2 1 20/45 21:22 2:17 2:03
Vitaly Vishnevsky 0 0 0 -1 0 1 1 2 0 1 0/0 20:01 1:27 2:15
Wes O'Neill 0 0 0 -1 0 2 1 1 0 0 0/0 20:01 1:27 2:15
Players Stats for Flames
Player Name G A P +/- PIM S H SB GA TA FO MP PP MP PK MP
------------------------------------------------------------------------------------
Alexander Semin 0 0 0 -1 2 4 1 0 2 0 0/1 15:15 2:36 1:01
Brad Marchand 0 1 1 0 0 1 2 1 0 0 0/1 15:32 0:24 2:17
Brendan Mikkelson 1 1 2 1 0 1 0 1 0 1 0/0 15:40 1:47 2:10
Colin Wilson 0 0 0 1 0 0 1 0 0 0 2/2 10:00 0:00 0:49
David Backes 1 0 1 -2 0 8 0 0 1 0 2/2 20:40 3:00 0:00
Derek Meech 1 1 2 0 0 1 0 0 0 1 0/0 19:50 3:25 1:38
Eric Staal 0 2 2 -2 2 2 2 2 0 0 27/45 22:36 3:00 1:49
Erik Johnson 0 1 1 0 0 1 2 0 1 0 0/0 25:00 3:25 2:21
Jonathan Ferland 0 0 0 0 0 1 0 0 0 1 0/0 7:56 0:00 0:00
Jordin Tootoo 0 0 0 1 0 0 1 0 0 0 0/0 14:54 2:12 2:26
Lubomir Visnovsky 0 0 0 1 0 3 0 1 1 1 0/0 21:01 0:00 3:20
Marcus Nilson 0 0 0 1 0 4 1 0 1 0 0/0 14:47 0:00 0:59
Michel Ouellet 1 1 2 1 0 1 0 0 0 0 0/2 13:48 0:00 0:00
Mikhail Grabovski 0 1 1 1 0 1 0 0 0 0 1/3 10:44 0:00 2:33
Patrik Berglund 1 0 1 1 0 3 1 0 0 0 6/11 16:25 2:12 0:00
Ron Hainsey 0 0 0 0 0 2 0 1 0 0 0/0 19:05 1:47 0:16
Steve Eminger 0 0 0 0 2 0 0 1 0 1 0/0 19:24 0:00 2:09
Steve Regier 1 1 2 1 0 2 3 0 0 0 0/0 11:23 2:12 0:00
3 Stars
1 - Steve Regier (Cal)
2 - Brendan Mikkelson (Cal)
3 - Michel Ouellet (Cal)
Power Play
Canadiens - 0 on 3 Attempt(s) - 0.00%
Flames - 3 on 5 Attempt(s) - 60.00%
Penalty Kill
Canadiens - 2 on 5 Attempt(s) - 40.00%
- Score 0 goal in Penalty Kill
Flames - 3 on 3 Attempt(s) - 100.00%
- Score 1 goal in Penalty Kill
Team Stat
Canadiens - Hits : 22 - Faceoff Wins : 29 - Blocked Shots : 16 - Penalty Minutes : 10
Flames - Hits : 14 - Faceoff Wins : 38 - Blocked Shots : 7 - Penalty Minutes : 6
Official
Referees : Lee Chris and Kimmerly Greg
Linesman : Lonnie Cameron and Scott Driscoll
Game Notes
Alexander Semin is injured at 0:53 of 3rd period (Sore Left Knee)
Finance
Level 1 -- Attendance: 4548 (75.80%) -- Ticket Income $413,868
Level 2 -- Attendance: 3765 (75.30%) -- Ticket Income $214,605
Level 3 -- Attendance: 1436 (71.80%) -- Ticket Income $54,568
Level 4 -- Attendance: 4000 (100.00%) -- Ticket Income $108,000
Luxury Box -- Attendance: 821 (82.10%) -- Ticket Income $134,644
Game was played at the Metal Center.
Total Attendance: 14570 (80.94%)
Total Ticket Income: $925,685
Other Income: $138,853
Total Income: $1,064,538
Canadiens
5 vs 5 Forward
Center Left Wing Right Wing Time % Phy DF OF
1 Sidney Crosby Patrick Sharp Joe Pavelski 40 1 2 2
2 Jason Spezza Greg Stewart David Jones 30 1 2 2
3 Dustin Boyd Brett Maclean Evgeny Dadonov 20 1 2 2
4 Andrew Ebbett Ladislav Nagy Jiri Tlusty 10 1 2 2
5 vs 5 Defense
Defense Defense Time % Phy DF OF
1 Luke Schenn Dennis Wideman 40 1 2 2
2 Vitaly Vishnevsky Wes O'Neill 30 1 2 2
3 Maxim Kondratiev Adam Pardy 20 1 2 2
4 Luke Schenn Dennis Wideman 10 1 2 2
PowerPlay Forward
Center Left Wing Right Wing Time % Phy DF OF
1 Sidney Crosby Patrick Sharp Joe Pavelski 60 1 2 2
2 Jason Spezza Greg Stewart David Jones 40 1 2 2
PowerPlay Defense
Defense Defense Time % Phy DF OF
1 Luke Schenn Dennis Wideman 60 1 2 2
2 Vitaly Vishnevsky Wes O'Neill 40 1 2 2
Penalty Kill 4 Players Forward
Center Wing Time % Phy DF OF
1 Sidney Crosby Jason Spezza 60 1 2 2
2 Joe Pavelski Patrick Sharp 40 1 2 2
Penalty Kill 4 Players Defense
Defense Defense Time % Phy DF OF
1 Luke Schenn Dennis Wideman 60 1 2 2
2 Vitaly Vishnevsky Wes O'Neill 40 1 2 2
Penalty Kill - 3 Players Forward
Forward Time % Phy DF OF
1 Sidney Crosby 60 1 2 2
2 Jason Spezza 40 1 2 2
Penalty Kill - 3 Players Defense
Defense Defense Time % Phy DF OF
1 Luke Schenn Dennis Wideman 60 1 2 2
2 Vitaly Vishnevsky Wes O'Neill 40 1 2 2
4 vs 4 Forward
Center Wing Time % Phy DF OF
1 Sidney Crosby Jason Spezza 60 1 2 2
2 Joe Pavelski Patrick Sharp 40 1 2 2
4 vs 4 Defense
Defense Defense Time % Phy DF OF
1 Luke Schenn Dennis Wideman 60 1 2 2
2 Vitaly Vishnevsky Wes O'Neill 40 1 2 2
Last Minutes Offensive
Center Left Wing Right Wing Defense Defense
Sidney Crosby Patrick Sharp Joe Pavelski Luke Schenn Dennis Wideman
Last Minutes Defensive
Center Left Wing Right Wing Defense Defense
Sidney Crosby Patrick Sharp Joe Pavelski Luke Schenn Dennis Wideman
Goaltenders
Starting : Jonathan Bernier
Backup : Mikael Tellqvist
Extra Forwards
Normal : Dustin Boyd, Evgeny Dadonov, Brett Maclean - PP : Dustin Boyd, Evgeny Dadonov - PK : Brett Maclean
Extra Defensemen
Normal : Maxim Kondratiev, Adam Pardy, Vitaly Vishnevsky - PP : Maxim Kondratiev - PK : Adam Pardy, Vitaly Vishnevsky
Penalty Shots
Sidney Crosby, Jason Spezza, Joe Pavelski, Patrick Sharp, Greg Stewart
Scratches
None
Flames
5 vs 5 Forward
Center Left Wing Right Wing Time % Phy DF OF
1 Eric Staal Alexander Semin David Backes 40 0 2 3
2 Patrik Berglund Marcus Nilson Michel Ouellet 33 0 2 3
3 Colin Wilson Steve Regier Jordin Tootoo 19 0 2 3
4 Mikhail Grabovski Brad Marchand Jonathan Ferland 8 1 2 2
5 vs 5 Defense
Defense Defense Time % Phy DF OF
1 Ron Hainsey Erik Johnson 38 1 2 2
2 Lubomir Visnovsky Steve Eminger 29 1 2 2
3 Derek Meech Brendan Mikkelson 23 1 2 2
4 Lubomir Visnovsky Steve Eminger 10 1 2 2
PowerPlay Forward
Center Left Wing Right Wing Time % Phy DF OF
1 Eric Staal Alexander Semin David Backes 60 1 1 3
2 Patrik Berglund Steve Regier Jordin Tootoo 40 1 1 3
PowerPlay Defense
Defense Defense Time % Phy DF OF
1 Derek Meech Erik Johnson 60 1 1 3
2 Ron Hainsey Brendan Mikkelson 40 1 1 3
Penalty Kill 4 Players Forward
Center Wing Time % Phy DF OF
1 Mikhail Grabovski Alexander Semin 50 1 3 1
2 Eric Staal Jordin Tootoo 50 1 3 1
Penalty Kill 4 Players Defense
Defense Defense Time % Phy DF OF
1 Lubomir Visnovsky Steve Eminger 58 1 3 1
2 Derek Meech Erik Johnson 42 1 3 1
Penalty Kill - 3 Players Forward
Forward Time % Phy DF OF
1 Eric Staal 50 1 3 1
2 Alexander Semin 50 1 3 1
Penalty Kill - 3 Players Defense
Defense Defense Time % Phy DF OF
1 Lubomir Visnovsky Steve Eminger 58 1 3 1
2 Derek Meech Erik Johnson 42 1 3 1
4 vs 4 Forward
Center Wing Time % Phy DF OF
1 Eric Staal Alexander Semin 60 1 2 2
2 Patrik Berglund Jordin Tootoo 40 1 2 2
4 vs 4 Defense
Defense Defense Time % Phy DF OF
1 Derek Meech Erik Johnson 60 1 2 2
2 Lubomir Visnovsky Steve Eminger 40 1 2 2
Last Minutes Offensive
Center Left Wing Right Wing Defense Defense
Eric Staal Alexander Semin David Backes Derek Meech Erik Johnson
Last Minutes Defensive
Center Left Wing Right Wing Defense Defense
Eric Staal Alexander Semin David Backes Derek Meech Erik Johnson
Goaltenders
Starting : Pekka Rinne
Backup : Josh Harding
Extra Forwards
Normal : Brad Marchand, Jordin Tootoo, Patrik Berglund - PP : Brad Marchand, Jordin Tootoo - PK : Brad Marchand
Extra Defensemen
Normal : Lubomir Visnovsky, Derek Meech, Steve Eminger - PP : Brendan Mikkelson - PK : Brendan Mikkelson, Erik Johnson
Penalty Shots
Eric Staal, Alexander Semin, David Backes, Patrik Berglund, Colin Wilson
Scratches
None
% Time on Ice - Canadiens
Lines # - Real PCT - Wanted PCT - Time Play
Normal Forward
1 - 35% - 40% - 17:03
2 - 27% - 30% - 13:17
3 - 22% - 20% - 10:35
4 - 16% - 10% - 7:56
Normal Defense
1 - 39% - 40% - 18:52
2 - 33% - 30% - 16:19
3 - 23% - 20% - 11:18
4 - 5% - 10% - 2:22
PP Forward
1 - 47% - 60% - 2:48
2 - 53% - 40% - 3:09
PP Defense
1 - 76% - 60% - 4:30
2 - 24% - 40% - 1:27
PK Forward
1 - 79% - 60% - 4:08
2 - 21% - 40% - 1:04
PK Defense
1 - 57% - 60% - 2:57
2 - 43% - 40% - 2:15
PK3 Forward
1 - 0% - 60%
2 - 0% - 40%
PK3 Defense
1 - 0% - 60%
2 - 0% - 40%
44 Forward
1 - 0% - 60%
2 - 0% - 40%
44 Defense
1 - 0% - 60%
2 - 0% - 40%
Last Minute Offensive - 0:00
Last Minute Defensive - 0:00
Total
Forward - 60:00
Defense - 60:00
|
% Time on Ice - Flames
Lines # - Real PCT - Wanted PCT - Time Play
Normal Forward
1 - 36% - 40% - 17:48
2 - 29% - 33% - 13:56
3 - 19% - 19% - 9:11
4 - 16% - 8% - 7:56
Normal Defense
1 - 41% - 38% - 19:59
2 - 29% - 29% - 14:15
3 - 23% - 23% - 11:10
4 - 7% - 10% - 3:27
PP Forward
1 - 58% - 60% - 3:00
2 - 42% - 40% - 2:12
PP Defense
1 - 66% - 60% - 3:25
2 - 34% - 40% - 1:47
PK Forward
1 - 46% - 50% - 2:45
2 - 54% - 50% - 3:12
PK Defense
1 - 73% - 58% - 4:19
2 - 27% - 42% - 1:38
PK3 Forward
1 - 0% - 50%
2 - 0% - 50%
PK3 Defense
1 - 0% - 58%
2 - 0% - 42%
44 Forward
1 - 0% - 60%
2 - 0% - 40%
44 Defense
1 - 0% - 60%
2 - 0% - 40%
Last Minute Offensive - 0:00
Last Minute Defensive - 0:00
Total
Forward - 60:00
Defense - 60:00
|
Play by Play
1st period
0:01 of 1st period - Sidney Crosby wins face-off versus Eric Staal in neutral zone.
0:06 of 1st period - Snap shot by Sidney Crosby.
0:06 of 1st period - Shot Misses the Net.
0:08 of 1st period - Slapshot by Luke Schenn.
0:08 of 1st period - Stopped by Pekka Rinne without a rebound.
0:09 of 1st period - Eric Staal wins face-off versus Sidney Crosby in Flames zone.
0:09 of 1st period - Eric Staal is hit by Sidney Crosby.
0:23 of 1st period - Slapshot by Patrick Sharp.
0:23 of 1st period - Shot Misses the Net.
0:25 of 1st period - Slapshot by Dennis Wideman.
0:25 of 1st period - Stopped by Pekka Rinne without a rebound.
0:26 of 1st period - Greg Stewart wins face-off versus Patrik Berglund in Flames zone.
0:51 of 1st period - Dustin Boyd is hit by Steve Regier and loses puck.
1:54 of 1st period - Wrist shot by Patrik Berglund.
1:54 of 1st period - Stopped by Jonathan Bernier with a rebound.
1:56 of 1st period - Snap shot by Marcus Nilson.
1:56 of 1st period - Shot Misses the Net.
1:58 of 1st period - Snap shot by Michel Ouellet.
1:58 of 1st period - Shot Misses the Net.
2:00 of 1st period - Snap shot by Patrik Berglund.
2:00 of 1st period - Shot Blocked by Dennis Wideman.
2:35 of 1st period - Snap shot by Evgeny Dadonov.
2:35 of 1st period - Shot Misses the Net.
3:01 of 1st period - Snap shot by Andrew Ebbett.
3:01 of 1st period - Shot Misses the Net.
4:39 of 1st period - Snap shot by Mikhail Grabovski.
4:39 of 1st period - Deflect By Jonathan Ferland.
4:39 of 1st period - Shot Blocked by Greg Stewart.
4:39 of 1st period - Puck is out of play.
4:40 of 1st period - Eric Staal wins face-off versus Sidney Crosby in Canadiens zone.
4:51 of 1st period - Lubomir Visnovsky is hit by Sidney Crosby and loses puck.
5:08 of 1st period - Snap shot by Greg Stewart.
5:08 of 1st period - Shot Misses the Net.
5:37 of 1st period - Brett Maclean is hit by Colin Wilson and loses puck.
5:46 of 1st period - Lubomir Visnovsky is hit by Evgeny Dadonov.
5:56 of 1st period - Snap shot by Evgeny Dadonov.
5:56 of 1st period - Stopped by Pekka Rinne with a rebound.
5:58 of 1st period - Slapshot by Luke Schenn.
5:58 of 1st period - Shot Blocked by Lubomir Visnovsky.
6:12 of 1st period - Slapshot by Evgeny Dadonov.
6:12 of 1st period - Stopped by Pekka Rinne without a rebound.
6:13 of 1st period - Sidney Crosby wins face-off versus Michel Ouellet in Flames zone.
6:14 of 1st period - Snap shot by Patrick Sharp.
6:14 of 1st period - Shot Misses the Net.
6:19 of 1st period - Off-side.
6:20 of 1st period - Patrik Berglund wins face-off versus Sidney Crosby in neutral zone.
6:25 of 1st period - Slapshot by Marcus Nilson.
6:25 of 1st period - Stopped by Jonathan Bernier with a rebound.
7:17 of 1st period - Wes O'Neill is hit by Steve Regier and loses puck.
7:56 of 1st period - Wrist shot by Alexander Semin.
7:56 of 1st period - Stopped by Jonathan Bernier without a rebound.
7:57 of 1st period - Patrik Berglund wins face-off versus Jason Spezza in Canadiens zone.
8:00 of 1st period - Wrist shot by Marcus Nilson.
8:00 of 1st period - Shot Hit the Post.
8:06 of 1st period - Wrist shot by Marcus Nilson.
8:06 of 1st period - Shot Misses the Net.
8:10 of 1st period - Wrist shot by Michel Ouellet.
8:10 of 1st period - Shot Blocked by Greg Stewart.
8:12 of 1st period - Snap shot by Ron Hainsey.
8:12 of 1st period - Deflect By Patrik Berglund.
8:12 of 1st period - Shot Misses the Net.
8:12 of 1st period - Puck is out of play.
8:13 of 1st period - Eric Staal wins face-off versus Sidney Crosby in Canadiens zone.
8:18 of 1st period - Wrist shot by Alexander Semin.
8:18 of 1st period - Stopped by Jonathan Bernier with a rebound.
8:20 of 1st period - Wrist shot by Eric Staal.
8:20 of 1st period - Shot Misses the Net.
8:22 of 1st period - Slapshot by Lubomir Visnovsky.
8:22 of 1st period - Stopped by Jonathan Bernier without a rebound.
8:23 of 1st period - Sidney Crosby wins face-off versus Eric Staal in Canadiens zone.
8:25 of 1st period - Minor Penalty to Sidney Crosby for Interference.
8:26 of 1st period - Brett Maclean wins face-off versus Eric Staal in Canadiens zone.
10:25 of 1st period - Penalty to Sidney Crosby is over, Sidney Crosby is back on ice.
10:32 of 1st period - Icing by Erik Johnson.
10:33 of 1st period - Eric Staal wins face-off versus Sidney Crosby in Flames zone.
12:14 of 1st period - Slapshot by Sidney Crosby.
12:14 of 1st period - Shot Misses the Net.
12:16 of 1st period - Wrist shot by Sidney Crosby.
12:16 of 1st period - Stopped by Pekka Rinne without a rebound.
12:17 of 1st period - Eric Staal wins face-off versus Jason Spezza in Flames zone.
12:17 of 1st period - Eric Staal is hit by Jason Spezza.
12:39 of 1st period - Minor Penalty to Alexander Semin for Holding.
12:40 of 1st period - Eric Staal wins face-off versus Jason Spezza in Flames zone.
13:14 of 1st period - Lubomir Visnovsky is hit by Luke Schenn and loses puck.
13:54 of 1st period - Marcus Nilson is hit by Luke Schenn and loses puck.
14:39 of 1st period - Penalty to Alexander Semin is over, Alexander Semin is back on ice.
14:59 of 1st period - Snap shot by Andrew Ebbett.
14:59 of 1st period - Shot Misses the Net.
15:29 of 1st period - Icing by Dennis Wideman.
15:30 of 1st period - Eric Staal wins face-off versus Andrew Ebbett in Canadiens zone.
16:50 of 1st period - Alexander Semin is hit by Ladislav Nagy and loses puck.
17:15 of 1st period - Dustin Boyd is hit by Brad Marchand and loses puck.
17:32 of 1st period - Snap shot by Jason Spezza.
17:32 of 1st period - Shot Misses the Net.
17:34 of 1st period - Slapshot by Jason Spezza.
17:34 of 1st period - Shot Misses the Net.
17:36 of 1st period - Snap shot by Dennis Wideman.
17:36 of 1st period - Stopped by Pekka Rinne with a rebound.
18:10 of 1st period - Snap shot by Mikhail Grabovski.
18:10 of 1st period - Shot Blocked by Vitaly Vishnevsky.
18:16 of 1st period - Derek Meech is hit by Jiri Tlusty and loses puck.
18:29 of 1st period - Adam Pardy is hit by Steve Regier and loses puck.
19:11 of 1st period - Backhand shot by Joe Pavelski.
19:11 of 1st period - Deflect By Sidney Crosby.
19:11 of 1st period - Shot Misses the Net.
19:11 of 1st period - Puck is out of play.
19:12 of 1st period - Eric Staal wins face-off versus Sidney Crosby in Flames zone.
19:16 of 1st period - Off-side.
19:17 of 1st period - Eric Staal wins face-off versus Jason Spezza in neutral zone.
19:27 of 1st period - Slapshot by Vitaly Vishnevsky.
19:27 of 1st period - Stopped by Pekka Rinne with a rebound.
19:29 of 1st period - Slapshot by Wes O'Neill.
19:29 of 1st period - Shot Blocked by Eric Staal.
19:31 of 1st period - Slapshot by Jason Spezza.
19:31 of 1st period - Stopped by Pekka Rinne with a rebound.
19:33 of 1st period - Slapshot by Wes O'Neill.
19:33 of 1st period - Stopped by Pekka Rinne with a rebound.
19:50 of 1st period - Icing by Wes O'Neill.
19:51 of 1st period - Sidney Crosby wins face-off versus Patrik Berglund in Canadiens zone.
Goals for this period are 0 for Canadiens vs 0 for Flames.
Shots for this period are 9 for Canadiens vs 5 for Flames.
2nd period
0:01 of 2nd period - Eric Staal wins face-off versus Jason Spezza in neutral zone.
0:04 of 2nd period - Wrist shot by Eric Staal.
0:04 of 2nd period - Stopped by Jonathan Bernier with a rebound.
0:06 of 2nd period - Snap shot by David Backes.
0:06 of 2nd period - Stopped by Jonathan Bernier without a rebound.
0:07 of 2nd period - Eric Staal wins face-off versus Jason Spezza in Canadiens zone.
0:10 of 2nd period - Wrist shot by Eric Staal.
0:10 of 2nd period - Shot Blocked by Dennis Wideman.
0:12 of 2nd period - Wrist shot by Alexander Semin.
0:12 of 2nd period - Stopped by Jonathan Bernier without a rebound.
0:13 of 2nd period - Eric Staal wins face-off versus Greg Stewart in Canadiens zone.
0:14 of 2nd period - Wrist shot by Alexander Semin.
0:14 of 2nd period - Shot Blocked by David Jones.
0:16 of 2nd period - Backhand shot by Steve Eminger.
0:16 of 2nd period - Shot Blocked by Dennis Wideman.
0:18 of 2nd period - Slapshot by Lubomir Visnovsky.
0:18 of 2nd period - Stopped by Jonathan Bernier with a rebound.
0:20 of 2nd period - Wrist shot by Lubomir Visnovsky.
0:20 of 2nd period - Shot Misses the Net.
0:28 of 2nd period - Snap shot by David Backes.
0:28 of 2nd period - Stopped by Jonathan Bernier without a rebound.
0:29 of 2nd period - Patrik Berglund wins face-off versus Sidney Crosby in Canadiens zone.
0:32 of 2nd period - Snap shot by Marcus Nilson.
0:32 of 2nd period - Stopped by Jonathan Bernier without a rebound.
0:33 of 2nd period - Patrick Sharp wins face-off versus Patrik Berglund in Canadiens zone.
0:38 of 2nd period - Wrist shot by Sidney Crosby.
0:38 of 2nd period - Stopped by Pekka Rinne without a rebound.
0:39 of 2nd period - Jason Spezza wins face-off versus Eric Staal in Flames zone.
0:40 of 2nd period - Snap shot by Greg Stewart.
0:40 of 2nd period - Stopped by Pekka Rinne without a rebound.
0:41 of 2nd period - Eric Staal wins face-off versus Jason Spezza in Flames zone.
0:43 of 2nd period - Minor Penalty to Eric Staal for Tripping.
0:44 of 2nd period - Sidney Crosby wins face-off versus Brad Marchand in Flames zone.
2:43 of 2nd period - Penalty to Eric Staal is over, Eric Staal is back on ice.
3:20 of 2nd period - Icing by Michel Ouellet.
3:21 of 2nd period - Patrik Berglund wins face-off versus Andrew Ebbett in Flames zone.
3:43 of 2nd period - Wrist shot by Patrik Berglund.
3:43 of 2nd period - Stopped by Jonathan Bernier without a rebound.
3:44 of 2nd period - Eric Staal wins face-off versus Sidney Crosby in Canadiens zone.
3:45 of 2nd period - Snap shot by Alexander Semin.
3:45 of 2nd period - Shot Blocked by Wes O'Neill.
3:53 of 2nd period - Slapshot by Sidney Crosby.
3:53 of 2nd period - Shot Misses the Net.
3:55 of 2nd period - Wrist shot by Sidney Crosby.
3:55 of 2nd period - Stopped by Pekka Rinne without a rebound.
3:56 of 2nd period - Eric Staal wins face-off versus Sidney Crosby in Flames zone.
3:56 of 2nd period - Eric Staal is hit by Wes O'Neill.
4:01 of 2nd period - Minor Penalty to Joe Pavelski for Hooking.
4:02 of 2nd period - Sidney Crosby wins face-off versus Eric Staal in Canadiens zone.
6:01 of 2nd period - Penalty to Joe Pavelski is over, Joe Pavelski is back on ice.
6:16 of 2nd period - Snap shot by Brad Marchand.
6:16 of 2nd period - Stopped by Jonathan Bernier with a rebound.
6:18 of 2nd period - Slapshot by Mikhail Grabovski.
6:18 of 2nd period - Shot Blocked by Adam Pardy.
6:24 of 2nd period - Snap shot by Brad Marchand.
6:24 of 2nd period - Deflect By Mikhail Grabovski.
6:24 of 2nd period - Stopped by Jonathan Bernier with a rebound.
7:14 of 2nd period - Patrik Berglund is hit by Ladislav Nagy and loses puck.
7:21 of 2nd period - Andrew Ebbett is hit by Patrik Berglund and loses puck.
7:34 of 2nd period - Slapshot by Dustin Boyd.
7:34 of 2nd period - Shot Misses the Net.
7:36 of 2nd period - Wrist shot by Brett Maclean.
7:36 of 2nd period - Stopped by Pekka Rinne with a rebound.
7:38 of 2nd period - Snap shot by Brett Maclean.
7:38 of 2nd period - Goal by Brett Maclean - Canadiens : 1 - Flames : 0.
7:39 of 2nd period - Eric Staal wins face-off versus Sidney Crosby in neutral zone.
7:48 of 2nd period - Slapshot by Patrick Sharp.
7:48 of 2nd period - Stopped by Pekka Rinne with a rebound.
7:50 of 2nd period - Snap shot by Patrick Sharp.
7:50 of 2nd period - Stopped by Pekka Rinne without a rebound.
7:51 of 2nd period - Eric Staal wins face-off versus Sidney Crosby in Flames zone.
8:08 of 2nd period - Snap shot by Sidney Crosby.
8:08 of 2nd period - Stopped by Pekka Rinne without a rebound.
8:09 of 2nd period - Jason Spezza wins face-off versus Patrik Berglund in Flames zone.
8:24 of 2nd period - Luke Schenn is hit by Marcus Nilson and loses puck.
8:35 of 2nd period - David Jones is hit by Jordin Tootoo and loses puck.
9:02 of 2nd period - Wrist shot by Joe Pavelski.
9:02 of 2nd period - Shot Blocked by Eric Staal.
9:04 of 2nd period - Snap shot by Luke Schenn.
9:04 of 2nd period - Stopped by Pekka Rinne with a rebound.
9:06 of 2nd period - Snap shot by Patrick Sharp.
9:06 of 2nd period - Stopped by Pekka Rinne with a rebound.
9:08 of 2nd period - Snap shot by Joe Pavelski.
9:08 of 2nd period - Shot Misses the Net.
9:10 of 2nd period - Slapshot by Luke Schenn.
9:10 of 2nd period - Stopped by Pekka Rinne with a rebound.
9:12 of 2nd period - Slapshot by Luke Schenn.
9:12 of 2nd period - Shot Misses the Net.
10:00 of 2nd period - Minor Penalty to Evgeny Dadonov for Hooking.
10:01 of 2nd period - Eric Staal wins face-off versus Sidney Crosby in Canadiens zone.
10:02 of 2nd period - Wrist shot by David Backes.
10:02 of 2nd period - Goal by David Backes - Canadiens : 1 - Flames : 1.
10:03 of 2nd period - Sidney Crosby wins face-off versus Eric Staal in neutral zone.
10:10 of 2nd period - Off-side.
10:11 of 2nd period - Eric Staal wins face-off versus Sidney Crosby in neutral zone.
10:14 of 2nd period - Slapshot by Ron Hainsey.
10:14 of 2nd period - Stopped by Jonathan Bernier without a rebound.
10:15 of 2nd period - Eric Staal wins face-off versus Sidney Crosby in Canadiens zone.
10:16 of 2nd period - Slapshot by David Backes.
10:16 of 2nd period - Stopped by Jonathan Bernier with a rebound.
11:03 of 2nd period - Jordin Tootoo is hit by Evgeny Dadonov and loses puck.
12:23 of 2nd period - Snap shot by Colin Wilson.
12:23 of 2nd period - Shot Misses the Net.
12:33 of 2nd period - Snap shot by Steve Regier.
12:33 of 2nd period - Shot Blocked by Dennis Wideman.
12:39 of 2nd period - Minor Penalty to Evgeny Dadonov for Cross-checking.
12:40 of 2nd period - Sidney Crosby wins face-off versus Eric Staal in Canadiens zone.
12:51 of 2nd period - Slapshot by Eric Staal.
12:51 of 2nd period - Shot Misses the Net.
12:53 of 2nd period - Backhand shot by David Backes.
12:53 of 2nd period - Stopped by Jonathan Bernier without a rebound.
12:54 of 2nd period - Sidney Crosby wins face-off versus Alexander Semin in Canadiens zone.
13:03 of 2nd period - Slapshot by Erik Johnson.
13:03 of 2nd period - Shot Blocked by Jason Spezza.
13:25 of 2nd period - Snap shot by Steve Regier.
13:25 of 2nd period - Stopped by Jonathan Bernier with a rebound.
13:27 of 2nd period - Wrist shot by Patrik Berglund.
13:27 of 2nd period - Deflect By Patrick Sharp.
13:27 of 2nd period - Goal by Patrik Berglund - Canadiens : 1 - Flames : 2.
13:28 of 2nd period - Sidney Crosby wins face-off versus Eric Staal in neutral zone.
14:18 of 2nd period - Slapshot by Jonathan Ferland.
14:18 of 2nd period - Shot Blocked by Brett Maclean.
14:20 of 2nd period - Slapshot by Brendan Mikkelson.
14:20 of 2nd period - Shot Blocked by Dustin Boyd.
14:58 of 2nd period - Luke Schenn is hit by Eric Staal.
15:23 of 2nd period - Snap shot by Greg Stewart.
15:23 of 2nd period - Stopped by Pekka Rinne with a rebound.
15:27 of 2nd period - Snap shot by David Jones.
15:27 of 2nd period - Shot Misses the Net.
15:59 of 2nd period - Wrist shot by Sidney Crosby.
15:59 of 2nd period - Shot Misses the Net.
16:19 of 2nd period - Andrew Ebbett is hit by Alexander Semin and loses puck.
16:41 of 2nd period - Wrist shot by Michel Ouellet.
16:41 of 2nd period - Goal by Michel Ouellet - Canadiens : 1 - Flames : 3.
16:42 of 2nd period - Eric Staal wins face-off versus Sidney Crosby in neutral zone.
16:58 of 2nd period - Snap shot by Alexander Semin.
16:58 of 2nd period - Shot Blocked by Luke Schenn.
17:21 of 2nd period - David Jones is hit by Erik Johnson and loses puck.
18:03 of 2nd period - Snap shot by Brad Marchand.
18:03 of 2nd period - Shot Misses the Net.
18:05 of 2nd period - Wrist shot by Mikhail Grabovski.
18:05 of 2nd period - Shot Blocked by Vitaly Vishnevsky.
18:37 of 2nd period - Wrist shot by Sidney Crosby.
18:37 of 2nd period - Shot Misses the Net.
18:39 of 2nd period - Snap shot by Joe Pavelski.
18:39 of 2nd period - Shot Misses the Net.
18:41 of 2nd period - Snap shot by Joe Pavelski.
18:41 of 2nd period - Shot Misses the Net.
18:43 of 2nd period - Snap shot by Joe Pavelski.
18:43 of 2nd period - Deflect By Marcus Nilson.
18:43 of 2nd period - Shot Misses the Net.
18:43 of 2nd period - Puck is out of play.
18:44 of 2nd period - Jason Spezza wins face-off versus Eric Staal in Flames zone.
19:17 of 2nd period - Lubomir Visnovsky is hit by Vitaly Vishnevsky and loses puck.
19:38 of 2nd period - Snap shot by Eric Staal.
19:38 of 2nd period - Shot Misses the Net.
19:44 of 2nd period - Snap shot by David Backes.
19:44 of 2nd period - Stopped by Jonathan Bernier with a rebound.
19:46 of 2nd period - Wrist shot by Eric Staal.
19:46 of 2nd period - Deflect By Alexander Semin.
19:46 of 2nd period - Stopped by Jonathan Bernier with a rebound.
19:48 of 2nd period - Snap shot by Alexander Semin.
19:48 of 2nd period - Shot Misses the Net.
19:50 of 2nd period - Snap shot by Eric Staal.
19:50 of 2nd period - Shot Misses the Net.
19:54 of 2nd period - Wrist shot by Eric Staal.
19:54 of 2nd period - Stopped by Jonathan Bernier without a rebound.
19:55 of 2nd period - Jason Spezza wins face-off versus Patrik Berglund in Canadiens zone.
Goals for this period are 1 for Canadiens vs 3 for Flames.
Shots for this period are 12 for Canadiens vs 19 for Flames.
3rd period
0:01 of 3rd period - Eric Staal wins face-off versus Sidney Crosby in neutral zone.
0:48 of 3rd period - Wrist shot by Steve Regier.
0:48 of 3rd period - Goal by Steve Regier - Canadiens : 1 - Flames : 4.
0:49 of 3rd period - Sidney Crosby wins face-off versus Eric Staal in neutral zone.
0:52 of 3rd period - Alexander Semin is hit by Patrick Sharp and loses puck.
0:53 of 3rd period - Alexander Semin from Flames is injured at 0:53 of 3rd period (Sore Left Knee).
0:54 of 3rd period - David Backes wins face-off versus Sidney Crosby in Flames zone.
0:54 of 3rd period - David Backes is hit by Luke Schenn.
1:02 of 3rd period - Wrist shot by David Backes.
1:02 of 3rd period - Stopped by Jonathan Bernier without a rebound.
1:03 of 3rd period - Eric Staal wins face-off versus Sidney Crosby in Canadiens zone.
1:06 of 3rd period - Wrist shot by David Backes.
1:06 of 3rd period - Stopped by Jonathan Bernier with a rebound.
1:08 of 3rd period - Slapshot by Ron Hainsey.
1:08 of 3rd period - Stopped by Jonathan Bernier without a rebound.
1:09 of 3rd period - David Backes wins face-off versus Sidney Crosby in Canadiens zone.
1:24 of 3rd period - Wrist shot by Patrick Sharp.
1:24 of 3rd period - Stopped by Pekka Rinne without a rebound.
1:25 of 3rd period - Patrik Berglund wins face-off versus David Jones in Flames zone.
1:48 of 3rd period - Icing by Dennis Wideman.
1:49 of 3rd period - Sidney Crosby wins face-off versus Eric Staal in Canadiens zone.
1:57 of 3rd period - Dennis Wideman is hit by Erik Johnson and loses puck.
2:06 of 3rd period - Icing by Ron Hainsey.
2:07 of 3rd period - Jason Spezza wins face-off versus Eric Staal in Flames zone.
2:10 of 3rd period - Wrist shot by Jason Spezza.
2:10 of 3rd period - Deflect By David Jones.
2:10 of 3rd period - Stopped by Pekka Rinne without a rebound.
2:11 of 3rd period - Patrik Berglund wins face-off versus Jason Spezza in Flames zone.
2:42 of 3rd period - Off-side.
2:43 of 3rd period - Colin Wilson wins face-off versus Sidney Crosby in neutral zone.
3:17 of 3rd period - Backhand shot by Brett Maclean.
3:17 of 3rd period - Shot Misses the Net.
3:37 of 3rd period - Wrist shot by Marcus Nilson.
3:37 of 3rd period - Shot Misses the Net.
3:39 of 3rd period - Snap shot by Marcus Nilson.
3:39 of 3rd period - Stopped by Jonathan Bernier with a rebound.
3:41 of 3rd period - Slapshot by Erik Johnson.
3:41 of 3rd period - Stopped by Jonathan Bernier without a rebound.
3:42 of 3rd period - Sidney Crosby wins face-off versus Eric Staal in Canadiens zone.
4:50 of 3rd period - Snap shot by Brett Maclean.
4:50 of 3rd period - Goal by Brett Maclean - Canadiens : 2 - Flames : 4.
4:51 of 3rd period - Sidney Crosby wins face-off versus Eric Staal in neutral zone.
5:00 of 3rd period - Snap shot by Sidney Crosby.
5:00 of 3rd period - Deflect By Lubomir Visnovsky.
5:00 of 3rd period - Shot Misses the Net.
5:00 of 3rd period - Puck is out of play.
5:01 of 3rd period - Sidney Crosby wins face-off versus Eric Staal in Flames zone.
5:02 of 3rd period - Snap shot by Joe Pavelski.
5:02 of 3rd period - Stopped by Pekka Rinne without a rebound.
5:03 of 3rd period - Sidney Crosby wins face-off versus Michel Ouellet in Flames zone.
5:55 of 3rd period - Vitaly Vishnevsky is hit by Eric Staal and loses puck.
6:45 of 3rd period - Snap shot by Evgeny Dadonov.
6:45 of 3rd period - Stopped by Pekka Rinne with a rebound.
6:47 of 3rd period - Snap shot by Wes O'Neill.
6:47 of 3rd period - Deflect By Dustin Boyd.
6:47 of 3rd period - Shot Blocked by Steve Eminger.
6:47 of 3rd period - Puck is out of play.
6:48 of 3rd period - Eric Staal wins face-off versus Sidney Crosby in Flames zone.
7:15 of 3rd period - Steve Eminger is hit by Greg Stewart and loses puck.
7:30 of 3rd period - Jordin Tootoo is hit by David Jones.
7:44 of 3rd period - Colin Wilson is hit by Ladislav Nagy and loses puck.
8:24 of 3rd period - Snap shot by Joe Pavelski.
8:24 of 3rd period - Stopped by Pekka Rinne with a rebound.
8:26 of 3rd period - Slapshot by Wes O'Neill.
8:26 of 3rd period - Stopped by Pekka Rinne with a rebound.
8:28 of 3rd period - Snap shot by Patrick Sharp.
8:28 of 3rd period - Stopped by Pekka Rinne with a rebound.
9:14 of 3rd period - Snap shot by Brad Marchand.
9:14 of 3rd period - Shot Misses the Net.
9:16 of 3rd period - Snap shot by Jonathan Ferland.
9:16 of 3rd period - Stopped by Jonathan Bernier without a rebound.
9:17 of 3rd period - Eric Staal wins face-off versus Sidney Crosby in Canadiens zone.
9:26 of 3rd period - Snap shot by David Backes.
9:26 of 3rd period - Shot Blocked by Dennis Wideman.
9:44 of 3rd period - Backhand shot by Michel Ouellet.
9:44 of 3rd period - Shot Misses the Net.
10:21 of 3rd period - Minor Penalty to Ladislav Nagy for Hooking.
10:22 of 3rd period - Eric Staal wins face-off versus Sidney Crosby in Canadiens zone.
10:39 of 3rd period - Off-side.
10:40 of 3rd period - Eric Staal wins face-off versus Sidney Crosby in neutral zone.
10:45 of 3rd period - Slapshot by Derek Meech.
10:45 of 3rd period - Goal by Derek Meech - Canadiens : 2 - Flames : 5.
10:46 of 3rd period - Sidney Crosby wins face-off versus Eric Staal in neutral zone.
11:13 of 3rd period - Patrik Berglund is hit by Jason Spezza and loses puck.
11:38 of 3rd period - Wrist shot by Dustin Boyd.
11:38 of 3rd period - Deflect By Erik Johnson.
11:38 of 3rd period - Shot Misses the Net.
11:38 of 3rd period - Puck is out of play.
11:39 of 3rd period - Dustin Boyd wins face-off versus Eric Staal in Flames zone.
11:40 of 3rd period - Snap shot by Evgeny Dadonov.
11:40 of 3rd period - Stopped by Pekka Rinne with a rebound.
11:48 of 3rd period - Snap shot by Eric Staal.
11:48 of 3rd period - Shot Misses the Net.
11:50 of 3rd period - Slapshot by Ron Hainsey.
11:50 of 3rd period - Shot Misses the Net.
11:52 of 3rd period - Slapshot by Erik Johnson.
11:52 of 3rd period - Shot Misses the Net.
12:31 of 3rd period - Maxim Kondratiev is hit by Brad Marchand and loses puck.
13:10 of 3rd period - Wrist shot by Marcus Nilson.
13:10 of 3rd period - Stopped by Jonathan Bernier with a rebound.
14:01 of 3rd period - Wrist shot by Greg Stewart.
14:01 of 3rd period - Shot Blocked by Ron Hainsey.
15:21 of 3rd period - Icing by Vitaly Vishnevsky.
15:22 of 3rd period - Colin Wilson wins face-off versus Jason Spezza in Canadiens zone.
15:30 of 3rd period - Slapshot by David Backes.
15:30 of 3rd period - Deflect By Brad Marchand.
15:30 of 3rd period - Shot Misses the Net.
15:30 of 3rd period - Puck is out of play.
15:31 of 3rd period - Sidney Crosby wins face-off versus Eric Staal in Canadiens zone.
15:47 of 3rd period - Minor Penalty to Steve Eminger for Holding.
15:48 of 3rd period - Mikhail Grabovski wins face-off versus Sidney Crosby in Flames zone.
16:00 of 3rd period - Snap shot by Mikhail Grabovski.
16:00 of 3rd period - Shot Misses the Net.
16:02 of 3rd period - Slapshot by Brendan Mikkelson.
16:02 of 3rd period - Goal by Brendan Mikkelson - Canadiens : 2 - Flames : 6.
16:03 of 3rd period - Sidney Crosby wins face-off versus Mikhail Grabovski in neutral zone.
16:08 of 3rd period - Snap shot by Joe Pavelski.
16:08 of 3rd period - Shot Blocked by Brad Marchand.
16:20 of 3rd period - Wrist shot by Sidney Crosby.
16:20 of 3rd period - Shot Blocked by Brendan Mikkelson.
16:36 of 3rd period - Wrist shot by Eric Staal.
16:36 of 3rd period - Shot Misses the Net.
16:38 of 3rd period - Snap shot by Lubomir Visnovsky.
16:38 of 3rd period - Stopped by Jonathan Bernier without a rebound.
16:39 of 3rd period - Sidney Crosby wins face-off versus Mikhail Grabovski in Canadiens zone.
16:54 of 3rd period - Jordin Tootoo is hit by Patrick Sharp and loses puck.
17:05 of 3rd period - Eric Staal is hit by Greg Stewart.
17:47 of 3rd period - Penalty to Steve Eminger is over, Steve Eminger is back on ice.
18:13 of 3rd period - Eric Staal is hit by Jiri Tlusty and loses puck.
19:09 of 3rd period - Eric Staal is hit by Brett Maclean.
Goals for this period are 1 for Canadiens vs 3 for Flames.
Shots for this period are 9 for Canadiens vs 11 for Flames.
Back to the Top